[Event "Titled Tuesday Blitz February 07 Late 2023"]
[White "Kovacs, Klara"]
[Black "Balog, Imre"]
[WhiteFideId "733210"]
[BlackFideId "728446"]
[WhiteElo "2121"]
[BlackElo "2615"]
[Result "0-1"]
[Round "10"]
[TimeControl "180+2"]
[Date "2023.02.07"]
[WhiteClock "0:01:09"]
[BlackClock "0:00:11"]

1. Nf3 Nf6 2. g3 g6 3. d4 Bg7 4. Bg2 O-O 5. O-O d6 6. c4 Nbd7 7. Nc3 e5 8. dxe5 Nxe5 9. Nxe5 dxe5 10. Qxd8 Rxd8 11. e4 c6 12. Bg5 Be6 13. b3 h6 14. Bxf6 Bxf6 15. Na4 b6 16. Rad1 Kf8 17. c5 b5 18. Nb2 a5 19. Rfe1 Ke8 20. Kf1 Rxd1 21. Rxd1 Rd8 22. Rxd8+ Kxd8 23. Ke2 Be7 24. Nd3 a4 25. Nxe5 Bxc5 26. bxa4 b4 27. Nxc6+ Kc7 28. e5 Bxa2 29. a5 b3 30. Kd2 Bxf2 31. Nb4 Bd4 32. a6 b2 33. Be4 b1=Q 34. Nd5+ Kb8 35. Bxb1 Bxb1 36. Ne7 Bxe5 37. Nc6+ Ka8 38. Nxe5 f6 39. Nxg6 Bxg6 40. Ke3 Ka7 41. Kf4 Kxa6 42. h4 Kb6 43. h5 Bb1 44. g4 Kc6 45. g5 fxg5+ 46. Ke5 Kc5 47. Kf6 g4 0-1


[Site "https://www.chess.com"]

[Event "Titled Tuesday Blitz February 07 Late 2023"]
[White "Slavin, Alexey"]
[Black "Antonova, Nadezhda"]
[WhiteFideId "24104388"]
[BlackFideId "14700182"]
[WhiteElo "2364"]
[BlackElo "1945"]
[Result "1-0"]
[Round "10"]
[TimeControl "180+2"]
[Date "2023.02.07"]
[WhiteClock "0:00:34"]
[BlackClock "0:00:02"]

1. e4 c5 2. g3 g6 3. Bg2 Bg7 4. Ne2 d6 5. O-O Nc6 6. Nbc3 e6 7. a3 Nge7 8. Rb1 a6 9. b4 cxb4 10. axb4 b5 11. d4 d5 12. exd5 Nxd5 13. Nxd5 exd5 14. c3 O-O 15. Nf4 Ne7 16. Qb3 Bb7 17. Re1 Rc8 18. Bd2 Re8 19. Nd3 Nf5 20. Nc5 Bc6 21. Nxa6 Nd6 22. Bxd5 Nc4 23. Bxc4 bxc4 24. Qxc4 Be4 25. Qf1 Bxb1 26. Rxb1 Qf6 27. Nc5 Qf3 28. Re1 h5 29. Be3 Qf5 30. h4 Qc2 31. Rc1 Qb2 32. Qd1 Ra8 33. Qc2 Ra2 34. Qxb2 Rxb2 35. Kf1 Kh7 36. Nd3 Ra2 37. Nf4 Bh6 38. b5 Rb2 39. c4 Rb8 40. d5 Kg7 41. d6 Rd8 42. Bd4+ 1-0


[Site "https://www.chess.com"]

[Event "Titled Tuesday Blitz February 07 Late 2023"]
[White "Jesusesmifuerza"]
[Black "Mione, Dario"]
[BlackFideId "806625"]
[WhiteElo "2043"]
[BlackElo "2228"]
[Result "0-1"]
[Round "10"]
[TimeControl "180+2"]
[Date "2023.02.07"]
[WhiteClock "0:00:18"]
[BlackClock "0:00:07"]

1. d4 d5 2. Nc3 Bf5 3. f3 Nf6 4. g4 Bg6 5. g5 Nh5 6. e4 e6 7. Be2 h6 8. gxh6 gxh6 9. f4 Qh4+ 10. Kf1 Nxf4 11. Bg4 h5 12. Bxf4 hxg4 13. Bxc7 dxe4 14. Bg3 Qf6+ 15. Kg2 Nc6 16. Nb5 O-O-O 17. Qe2 a6 18. Rf1 Qg5 19. Nc3 Rxd4 20. Bf2 Rd8 21. Nxe4 Qd5 22. Re1 f5 23. Kf1 Qxe4 24. Qxe4 fxe4 25. Bg3 Bd6 26. Ne2 Rhf8+ 27. Kg2 Bxg3 28. hxg3 Ne5 29. Nf4 Bf5 30. Re2 Nf3 31. Rh6 Rh8 32. Rxh8 Rxh8 33. c3 Rh2+ 34. Kf1 Rh1+ 35. Kg2 Rh2+ 36. Kf1 Rh1+ 37. Kg2 Ra1 38. a3 Kd7 39. Nh5 Rg1+ 40. Kf2 Rh1 41. Nf4 Rh2+ 42. Kf1 Rxe2 43. Kxe2 Kd6 44. Ke3 e5 45. Nh5 Ke6 46. Ng7+ Kf6 47. Ne8+ Ke7 48. Nc7 Kd6 49. Ne8+ Kd7 50. Nf6+ Ke6 51. Ne8 Bg6 52. Nc7+ Kd6 53. Na8 Kd7 54. Nb6+ Kc6 55. Nc4 Kd5 56. Nb6+ Ke6 57. Nc4 Kf5 58. Nb6 Ke6 59. Nc4 Bf7 60. Nb6 Kf5 61. Na4 Be6 62. Nc5 Bd5 63. Nd7 Bc6 64. Nb6 Ke6 65. Nc4 Kd5 66. Nb6+ Kc5 67. Nc8 Kd5 68. Ne7+ Kc4 69. Ng6 Kb3 70. Nxe5 Nxe5 71. Kf4 Nc4 72. Kxg4 Nxb2 73. Kf4 Kxc3 74. g4 Kb3 75. g5 Kxa3 76. g6 Bd5 77. g7 Bg8 78. Kxe4 Kb4 79. Ke5 a5 80. Kf6 Bc4 81. Ke7 a4 82. Kf8 a3 83. g8=Q Bxg8 84. Kxg8 a2 85. Kg7 a1=Q 86. Kf6 Qe1 87. Kg5 Qe3+ 88. Kf5 Qe2 89. Kf6 Kc4 90. Kf7 Kd5 91. Kg6 Kd6 92. Kf5 Kd5 93. Kg5 Qe4 94. Kf6 Kd6 95. Kg7 Qf5 96. Kh6 Qg4 97. Kh7 Ke6 98. Kh8 Kf7 99. Kh7 Qh4# 0-1


[Site "https://www.chess.com"]

[Event "Titled Tuesday Blitz February 07 Late 2023"]
[White "Alexikov, Alexander"]
[Black "Marcolino, Daniel Mattos"]
[WhiteFideId "14103958"]
[BlackFideId "2106841"]
[WhiteElo "2209"]
[BlackElo "2006"]
[Result "1-0"]
[Round "10"]
[TimeControl "180+2"]
[Date "2023.02.07"]
[WhiteClock "0:00:39"]
[BlackClock "0:00:21"]

1. e4 c6 2. d4 d5 3. e5 c5 4. f4 Nc6 5. c3 cxd4 6. cxd4 Bf5 7. Nc3 e6 8. Be3 Nge7 9. Rc1 h5 10. a3 a6 11. b4 Bg4 12. Qb3 Nf5 13. Nce2 Nxe3 14. Qxe3 Be7 15. h3 Bf5 16. Nf3 Rc8 17. Kd1 Na7 18. g3 Qd7 19. Qb3 Rxc1+ 20. Nxc1 Nc8 21. Nd3 Bxd3 22. Bxd3 b5 23. Ke2 Nb6 24. Rc1 Nc4 25. a4 O-O 26. axb5 axb5 27. Ra1 f6 28. Bc2 fxe5 29. dxe5 h4 30. Qd3 Rf5 31. Ra8+ Bd8 32. g4 Rxf4 33. Qh7+ Kf8 34. Qh8+ Ke7 35. Qxh4+ Ke8 36. Bg6+ 1-0


[Site "https://www.chess.com"]

[Event "Titled Tuesday Blitz February 07 Late 2023"]
[White "Rose, Felix"]
[Black "Zampronha, Wladimir Camilo"]
[WhiteFideId "5105722"]
[BlackFideId "2103087"]
[WhiteElo "2091"]
[BlackElo "2176"]
[Result "1-0"]
[Round "10"]
[TimeControl "180+2"]
[Date "2023.02.07"]
[WhiteClock "0:00:12"]
[BlackClock "0:00:06"]

1. e4 c5 2. Nf3 e6 3. d4 cxd4 4. Nxd4 Nc6 5. Nc3 Qc7 6. Be3 a6 7. Qf3 Nf6 8. O-O-O Be7 9. Be2 b5 10. e5 Ng8 11. Nxc6 Qxc6 12. Qg3 g6 13. Bf3 Qc4 14. Bxa8 b4 15. Ne4 Qxa2 16. Bg5 Qa1+ 17. Kd2 Qxb2 18. Bxe7 Nxe7 19. Nd6+ Kf8 20. Qf4 Nf5 21. Nxc8 Qc3+ 22. Ke2 Qxc8 23. Be4 Qc4+ 24. Ke1 Nd4 25. Qd2 Nb5 26. Bd3 Qc5 27. Bxb5 Qxb5 28. Qd6+ Kg7 29. Qxd7 Qxe5+ 30. Kf1 Qf5 31. Qd4+ Kh6 32. Qd2+ Kg7 33. h4 Rc8 34. Qd3 Qg4 35. Qd4+ Qxd4 36. Rxd4 Rxc2 37. Rh3 Rb2 38. Rf3 a5 39. Rd7 a4 40. Rfxf7+ Kg8 41. Rg7+ Kf8 42. Rxh7 Kg8 43. Ra7 a3 44. Rhb7 Rc2 45. Ra8+ Rc8 46. Rxc8# 1-0


[Site "https://www.chess.com"]

[Event "Titled Tuesday Blitz February 07 Late 2023"]
[White "De Arruda, Leandro Formes"]
[Black "Necula, Iulian"]
[WhiteFideId "22722009"]
[BlackFideId "1232380"]
[WhiteElo "1980"]
[BlackElo "1851"]
[Result "1-0"]
[Round "10"]
[TimeControl "180+2"]
[Date "2023.02.07"]
[WhiteClock "0:01:47"]
[BlackClock "0:01:30"]

1. d4 f5 2. Nf3 Nf6 3. e3 g6 4. Bd3 Bg7 5. Nbd2 O-O 6. O-O d6 7. Re1 Nc6 8. e4 f4 9. e5 dxe5 10. dxe5 Nh5 11. Bc4+ e6 12. Qe2 a6 13. a4 Ne7 14. Ng5 Nd5 15. Ngf3 c6 16. Ne4 b5 17. axb5 cxb5 18. Bxb5 Bb7 19. Bc4 Rc8 20. Nd6 Rc7 21. Nxb7 Rxb7 22. Rxa6 Rf5 23. Rxe6 Rd7 24. Qe4 Kh8 25. Nh4 Qxh4 26. Bxd5 Qd8 27. Bc6 Rd1 28. Re8+ Rf8 29. Rxd8 Rxe1+ 30. Qxe1 Rxd8 31. e6 1-0


[Site "https://www.chess.com"]

[Event "Titled Tuesday Blitz February 07 Late 2023"]
[White "Tarnowska, Aleksandra"]
[Black "rikchessmx"]
[WhiteFideId "1180967"]
[WhiteElo "1835"]
[BlackElo "2230"]
[Result "1-0"]
[Round "10"]
[TimeControl "180+2"]
[Date "2023.02.07"]
[WhiteClock "0:00:28"]
[BlackClock "0:01:53"]

1. e4 d5 2. exd5 Qxd5 3. Nc3 Qa5 4. Nf3 Nf6 5. d4 Nc6 6. Be3 Bg4 7. h3 Bh5 8. g4 Bg6 9. Bg2 e6 10. O-O h5 11. g5 Nh7 12. Qd2 O-O-O 13. a3 f6 14. b4 Qf5 15. Rac1 h4 16. Nxh4 Nxg5 17. Nxf5 Bxf5 18. Bxg5 fxg5 19. d5 Be7 20. Qe3 Nb8 21. Nb5 c6 22. Nxa7+ Kc7 23. dxc6 bxc6 24. Qe5+ Bd6 25. Qa5+ Kd7 26. Rcd1 Ke7 27. Rfe1 g4 28. Qxf5 gxh3 29. Qg5+ Kf7 30. Bxh3 Be7 31. Qf4+ Bf6 32. Rxd8 Rxd8 33. Bxe6+ 1-0


[Site "https://www.chess.com"]

[Event "Titled Tuesday Blitz February 07 Late 2023"]
[White "Floresvillar Gonzalez, Luis Migu"]
[Black "Castillo Pena, Patricia Evarista"]
[WhiteFideId "5100542"]
[BlackFideId "6412106"]
[WhiteElo "2043"]
[BlackElo "1783"]
[Result "1-0"]
[Round "10"]
[TimeControl "180+2"]
[Date "2023.02.07"]
[WhiteClock "0:01:44"]
[BlackClock "0:00:09"]

1. d4 d5 2. c3 Nf6 3. Bg5 e6 4. Nd2 c5 5. e3 Nc6 6. Bd3 Be7 7. f4 O-O 8. Ngf3 h6 9. Bxf6 Bxf6 10. O-O b6 11. Qe2 Bb7 12. Ne5 Rc8 13. Rf3 Nxe5 14. fxe5 Bg5 15. Raf1 cxd4 16. exd4 Qc7 17. Rg3 Bxd2 18. Qxd2 Kh8 19. Bb1 Ba6 20. Qc2 g6 21. Rf6 Qc4 22. h4 Qe2 23. Qc1 Kg7 24. Bxg6 fxg6 25. Rfxg6+ 1-0


[Site "https://www.chess.com"]

[Event "Titled Tuesday Blitz February 07 Late 2023"]
[White "Winkels, Marcel"]
[Black "Desideri, Ricardo Maruchi"]
[WhiteFideId "1003887"]
[BlackFideId "2110440"]
[WhiteElo "1960"]
[BlackElo "1959"]
[Result "1-0"]
[Round "10"]
[TimeControl "180+2"]
[Date "2023.02.07"]
[WhiteClock "0:00:50"]
[BlackClock "0:00:01"]

1. c4 e5 2. g3 Nf6 3. Bg2 d5 4. cxd5 Nxd5 5. Nc3 Be6 6. d4 Nxc3 7. bxc3 c6 8. Rb1 Qc7 9. dxe5 Qxe5 10. Rxb7 Qxc3+ 11. Bd2 Qf6 12. Nf3 Bc5 13. Bg5 Qc3+ 14. Bd2 Qf6 15. Qc2 Bb6 16. O-O O-O 17. Bb4 Re8 18. Bc3 Qg6 19. Qb2 Bd5 20. Ne5 Qf5 21. Bxd5 cxd5 22. Rxf7 Qe6 23. Kg2 d4 24. f4 dxc3 25. Qxc3 Qd5+ 26. Kh3 1-0


[Site "https://www.chess.com"]

[Event "Titled Tuesday Blitz February 07 Late 2023"]
[White "Vargas, Mauricio"]
[Black "Michalski, Olaf"]
[WhiteFideId "4404572"]
[BlackFideId "1106740"]
[WhiteElo "2035"]
[BlackElo "2273"]
[Result "0-1"]
[Round "10"]
[TimeControl "180+2"]
[Date "2023.02.07"]
[WhiteClock "0:00:02"]
[BlackClock "0:00:01"]

1. e4 c5 2. Nc3 a6 3. f4 b5 4. Nf3 Bb7 5. d3 e6 6. e5 d5 7. exd6 Bxd6 8. Ne4 Be7 9. Qe2 Nf6 10. Neg5 O-O 11. g3 Nc6 12. Bg2 Qc7 13. O-O Nd4 14. Nxd4 Bxg2 15. Qxg2 cxd4 16. Rf2 Rac8 17. Nf3 Nd5 18. Nxd4 Bc5 19. c3 Qb6 20. Bd2 Bxd4 21. cxd4 Qxd4 22. Qe4 Qxb2 23. Raf1 Rc2 24. Bc1 Qxa2 25. f5 Nf6 26. Qb4 Rxf2 27. Rxf2 Qd5 28. fxe6 Qxe6 0-1


[Site "https://www.chess.com"]

[Event "Titled Tuesday Blitz February 07 Late 2023"]
[White "Hakobyan, Aram"]
[Black "Bluebaum, Matthias"]
[WhiteFideId "13306677"]
[BlackFideId "24651516"]
[WhiteElo "2608"]
[BlackElo "2669"]
[Result "1/2-1/2"]
[Round "11"]
[TimeControl "180+2"]
[Date "2023.02.07"]
[WhiteClock "0:01:36"]
[BlackClock "0:01:49"]

1. d4 d5 2. Nf3 e6 3. c4 Nf6 4. Nc3 Bb4 5. Bg5 h6 6. Bxf6 Qxf6 7. e3 c5 8. Rc1 dxc4 9. Bxc4 cxd4 10. Qa4+ Bd7 11. Qxb4 dxc3 12. Qxc3 Qxc3+ 13. Rxc3 Nc6 14. Ke2 Ke7 15. Rhc1 Rhd8 16. Nd2 Ne5 17. Ke1 Bc6 18. f3 Rd7 19. Be2 Rad8 20. Nb3 Nd3+ 21. Bxd3 Rxd3 22. Nd4 Rxc3 23. Rxc3 Be8 24. Rc7+ Rd7 25. Rc8 Rd8 26. Rc7+ Rd7 27. Rc8 Rd8 28. Rc7+ 1/2-1/2


[Site "https://www.chess.com"]

[Event "Titled Tuesday Blitz February 07 Late 2023"]
[White "So, Wesley"]
[Black "Naroditsky, Daniel"]
[WhiteFideId "5202213"]
[BlackFideId "2026961"]
[WhiteElo "2760"]
[BlackElo "2618"]
[Result "1-0"]
[Round "11"]
[TimeControl "180+2"]
[Date "2023.02.07"]
[WhiteClock "0:00:05"]
[BlackClock "0:00:03"]

1. e4 e5 2. Nf3 Nc6 3. Bc4 Nf6 4. d3 h6 5. O-O d6 6. c3 g5 7. Nbd2 g4 8. Ne1 h5 9. f4 Bh6 10. fxe5 Nxe5 11. d4 Nxc4 12. Nxc4 Bxc1 13. Qxc1 Nxe4 14. Qf4 Qe7 15. Nd3 d5 16. Rae1 Be6 17. Nd2 Nxd2 18. Qxd2 O-O-O 19. Re5 h4 20. Qe2 g3 21. h3 Rh6 22. Qe3 Rf6 23. Re1 Re8 24. Qg5 Rh8 25. Rxd5 c6 26. Rf5 Rhh6 27. Nf4 Qd8 28. Rxf6 Qxf6 29. Qg8+ Kd7 30. Nd3 Kc7 31. Qf8 Qf5 32. Qxh6 Qxd3 33. Qxh4 Bxa2 34. Qf4+ Kb6 35. Qe3 Qc2 36. Qxg3 Qxb2 37. Qf2 Qxc3 38. d5+ c5 39. d6 Be6 40. Rd1 Qb3 41. Qf3 Qxf3 42. gxf3 Kc6 43. h4 c4 44. h5 Kd7 45. h6 Bf5 46. Kf2 c3 47. Ke3 b5 48. Kd4 b4 49. Kc4 a5 50. Rh1 Bh7 51. Kb3 Kxd6 52. Rg1 c2 53. Kb2 a4 54. Ra1 a3+ 55. Kb3 Kc5 56. Rc1 Kd4 57. Rxc2 Ke3 58. Rh2 Kxf3 59. Kxb4 Kg3 60. Rh1 f5 61. Kxa3 f4 62. Rg1+ Kh2 63. Rg7 Bd3 64. Rd7 Bc2 65. Rc7 Bd3 66. Rf7 Kg3 67. Kb2 f3 68. Kc3 Bb1 69. Kd2 Kf2 70. h7 Bxh7 71. Rxh7 Kg2 72. Rg7+ Kf2 73. Rf7 Kg2 74. Ke3 f2 75. Rxf2+ 1-0


[Site "https://www.chess.com"]

[Event "Titled Tuesday Blitz February 07 Late 2023"]
[White "Bortnyk, Olexandr"]
[Black "Andreikin, Dmitry"]
[WhiteFideId "14120828"]
[BlackFideId "4158814"]
[WhiteElo "2605"]
[BlackElo "2729"]
[Result "0-1"]
[Round "11"]
[TimeControl "180+2"]
[Date "2023.02.07"]
[WhiteClock "0:00:12"]
[BlackClock "0:00:09"]

1. d4 Nf6 2. Nc3 e6 3. e4 d5 4. Bg5 h6 5. Bxf6 Qxf6 6. exd5 Bb4 7. dxe6 Bxe6 8. Nf3 O-O 9. Bd3 c5 10. O-O cxd4 11. Nxd4 Bxc3 12. bxc3 Nc6 13. Re1 Bd5 14. Re3 Rfd8 15. Nxc6 Bxc6 16. Qe2 g6 17. Re1 Re8 18. Rxe8+ Rxe8 19. Qd2 Rxe1+ 20. Qxe1 Qg5 21. Bf1 Qa5 22. Bc4 Qg5 23. Bf1 Qa5 24. Bc4 Qg5 25. g3 Qf6 26. Qe3 g5 27. Kf1 b6 28. f4 gxf4 29. Qxf4 Qxf4+ 30. gxf4 Kf8 31. Kf2 f6 32. Ke3 Ke7 33. Kd4 Kd6 34. Bd3 Bd5 35. a3 Bc6 36. Be4 Bd7 37. Bd5 Bf5 38. Be4 Be6 39. Bd3 Bd5 40. Ke3 Bc6 41. Kf2 Ke7 42. Kg3 Bd7 43. Be4 Be6 44. Bg6 Bd7 45. Kh4 Kf8 46. Bd3 Kg7 47. Bc4 Bf5 48. Bd3 Bd7 49. Be4 Be6 50. Kg3 Kf8 51. Kf3 Ke7 52. Bd3 Kd6 53. Kg3 Ke7 54. Bf1 Bf5 55. Bd3 Be6 56. Kg2 Kd6 57. Kf2 Ke7 58. Ke2 Kd6 59. Kd2 Kc5 60. Ke1 Kd6 61. Ke2 Bd5 62. Bf5 Bf7 63. Kf3 Ke7 64. Ke4 Kd6 65. Ke3 Ke7 66. Kd4 Kd6 67. Bg4 Bg6 68. Bd1 Bf5 69. Kc4 Bd7 70. Kb4 a5+ 71. Kc4 Be6+ 72. Kb5 Kc7 73. Be2 Bd7+ 74. Kc4 Be6+ 75. Kd4 Kd6 76. Bc4 Bf5 77. Bd3 Be6 78. Be4 Bd7 79. Kc4 Be8 80. Bf5 Ba4 81. h3 Bc6 82. Kd4 Ba4 83. h4 Bc6 84. Be4 Ba4 85. Ke3 Bd7 86. Kf3 Kc5 87. Bd3 Kd6 88. Ke3 Be6 89. Kd4 Bd7 90. Kc4 Ba4 91. Be4 Bd7 92. Bg6 Bc6 93. Bh7 Bd7 94. Kd4 Bc6 95. Bf5 Ba4 96. Be4 Bd7 97. Ke3 Kc5 98. Ke2 Kd6 99. Kf2 Be6 100. Kf3 Kc5 101. Bd3 Kd6 102. Ke4 Bd7 103. Bc4 Bc8 104. Bb5 Be6 105. Be8 Bc8 106. Bg6 Be6 107. Bh7 Kc5 108. Kd3 Bc4+ 109. Ke3 Be6 110. Bg6 Kc4 111. Kd2 Kc5 112. Bh5 Bf5 113. Bf3 Bg6 114. Be2 Bf5 115. Bf1 Bg6 116. Bd3 Bf7 117. Ke2 Be6 118. Kf3 Kd6 119. Ke4 Bd7 120. Kd4 Be6 121. c4 Bd7 122. Be4 Be6 123. Bd5 Bf5 124. c3 Bd7 125. Ke4 Bh3 126. Kd4 Bf5 127. Bf3 Be6 128. Be2 Bf5 129. Bd1 Bg6 130. Bg4 Bh7 131. c5+ bxc5+ 132. Kc4 Be4 133. Kb5 Kd5 134. Be2 Bc2 135. Bf3+ Be4 136. Bxe4+ Kxe4 137. Kxc5 Kxf4 138. Kd4 f5 139. c4 Kg3 140. c5 f4 141. c6 f3 142. c7 f2 143. c8=Q f1=Q 144. Qc7+ Qf4+ 145. Qxf4+ Kxf4 146. Kc5 Kg4 147. Kb5 Kxh4 148. Kxa5 h5 149. Kb6 Kg3 150. a4 h4 151. a5 h3 152. a6 h2 153. Ka7 h1=Q 154. Kb8 Qh8+ 155. Kb7 Qg7+ 156. Kb8 Qf8+ 157. Kb7 Qe7+ 158. Kb8 Qd8+ 159. Kb7 Qd7+ 160. Kb6 Qc8 161. a7 Qa8 0-1


[Site "https://www.chess.com"]

[Event "Titled Tuesday Blitz February 07 Late 2023"]
[White "Swiercz, Dariusz"]
[Black "Salem, A.R. Saleh"]
[WhiteFideId "1126881"]
[BlackFideId "9301348"]
[WhiteElo "2637"]
[BlackElo "2677"]
[Result "1-0"]
[Round "11"]
[TimeControl "180+2"]
[Date "2023.02.07"]
[WhiteClock "0:00:05"]
[BlackClock "0:00:24"]

1. d4 Nf6 2. Nf3 g6 3. Nbd2 d5 4. e3 a5 5. a4 Bg7 6. b3 c5 7. Bb2 cxd4 8. exd4 O-O 9. Bb5 Nc6 10. O-O Bf5 11. Re1 Nb4 12. Rc1 Na2 13. Ra1 Nb4 14. Rc1 Rc8 15. Ba3 Bxc2 16. Qe2 e6 17. Ne5 Qb6 18. Bb2 Na2 19. Ra1 Nb4 20. Rec1 Bh6 21. g3 Rc7 22. Re1 Bf5 23. Rac1 Nc2 24. Red1 Nxd4 25. Bxd4 Qxd4 26. Rxc7 Qb2 27. Ndf3 Qxb3 28. Nd4 Qb4 29. Nxf5 exf5 30. Nd7 Nxd7 31. Rxd7 Rc8 32. R7xd5 Bf8 33. Rd7 Qb3 34. Kg2 Rc2 35. R1d2 Rc1 36. Qf3 Qb1 37. Rd1 Rxd1 38. Qxd1 Qb2 39. Qd5 Qf6 40. Bc4 1-0


[Site "https://www.chess.com"]

[Event "Titled Tuesday Blitz February 07 Late 2023"]
[White "Kollars, Dmitrij"]
[Black "Maksimovic, Bojan"]
[WhiteFideId "12909572"]
[BlackFideId "14408120"]
[WhiteElo "2607"]
[BlackElo "2486"]
[Result "0-1"]
[Round "11"]
[TimeControl "180+2"]
[Date "2023.02.07"]
[WhiteClock "0:00:03"]
[BlackClock "0:00:04"]

1. e4 g6 2. d4 Nf6 3. e5 Nh5 4. Nc3 d6 5. f4 Ng7 6. Be3 h5 7. Nf3 Bg4 8. h3 Bxf3 9. Qxf3 c6 10. g4 Nd7 11. O-O-O e6 12. Bd3 Qa5 13. Kb1 O-O-O 14. Ne4 Qc7 15. Ng5 Nb6 16. c4 d5 17. c5 Nc4 18. Bc1 b6 19. b3 Na5 20. Bd2 Nb7 21. b4 a5 22. a3 b5 23. bxa5 Rd7 24. a6 Na5 25. a4 Nc4 26. axb5 cxb5 27. Bxc4 bxc4 28. Qa3 Qa7 29. Kc2 Ne8 30. Rb1 Nc7 31. f5 hxg4 32. fxe6 fxe6 33. hxg4 Rxh1 34. Rxh1 Qxa6 35. Qxa6+ Nxa6 36. Nxe6 Be7 37. c6 Rd8 38. Nxd8 Bxd8 39. Rh7 Nb8 40. Rg7 Nxc6 41. Bc3 g5 42. e6 Be7 43. Rg6 Kc7 44. Kd2 Kd6 45. Ke3 Kc7 46. Bb2 Kb6 47. Bc1 Kc7 48. Rg7 Kd6 49. Ba3+ Kxe6 50. Bxe7 Nxe7 51. Rxg5 Nc6 52. Rg6+ Kd7 53. g5 Ne7 54. Rf6 Ng8 55. Rf7+ Ke6 56. g6 Ne7 57. Rg7 Nf5+ 58. Kf4 Nxg7 0-1


[Site "https://www.chess.com"]

[Event "Titled Tuesday Blitz February 07 Late 2023"]
[White "Carlsen, Magnus"]
[Black "Mikaelyan, Arman"]
[WhiteFideId "1503014"]
[BlackFideId "13304852"]
[WhiteElo "2853"]
[BlackElo "2523"]
[Result "1-0"]
[Round "11"]
[TimeControl "180+2"]
[Date "2023.02.07"]
[WhiteClock "0:00:10"]
[BlackClock "0:00:01"]

1. e4 e5 2. Nc3 Nc6 3. g4 Bc5 4. h4 d6 5. d3 Nge7 6. h5 h6 7. Na4 Be6 8. Nxc5 dxc5 9. Be3 b6 10. f3 Qd7 11. Ne2 O-O-O 12. a3 Nd4 13. Ng3 Qc6 14. Rh2 c4 15. Rd2 cxd3 16. Bxd3 g6 17. Kf2 f5 18. c3 f4 19. cxd4 fxe3+ 20. Kxe3 Rxd4 21. Ba6+ Kb8 22. Rxd4 exd4+ 23. Qxd4 Rf8 24. hxg6 b5 25. g7 Rg8 26. Nh5 Qxa6 27. Rd1 Qc6 28. Qe5 Kb7 29. Nf4 Qb6+ 30. Qd4 Bc8 31. Qxb6+ axb6 32. Nh5 Kc6 33. Rg1 Be6 34. f4 Bf7 35. f5 Nc8 36. e5 Bxh5 37. gxh5 Ne7 38. f6 Nf5+ 39. Ke4 Nxg7 40. Rg6 1-0


[Site "https://www.chess.com"]

[Event "Titled Tuesday Blitz February 07 Late 2023"]
[White "Paravyan, David"]
[Black "Stoyanov, Tsvetan"]
[WhiteFideId "4194985"]
[BlackFideId "2917173"]
[WhiteElo "2601"]
[BlackElo "2454"]
[Result "1-0"]
[Round "11"]
[TimeControl "180+2"]
[Date "2023.02.07"]
[WhiteClock "0:00:35"]
[BlackClock "0:00:01"]

1. e4 c5 2. Nf3 a6 3. Nc3 d6 4. d4 cxd4 5. Nxd4 Nf6 6. Bd3 g6 7. f3 Bg7 8. Be3 Nc6 9. Qd2 O-O 10. O-O-O d5 11. Nxc6 bxc6 12. Bc4 Rb8 13. Bb3 Qc7 14. h4 h5 15. Bh6 Be6 16. Bf4 Qa7 17. Bxb8 Rxb8 18. Rhe1 a5 19. exd5 cxd5 20. a4 Kh7 21. Nb5 Qb6 22. Kb1 Bd7 23. Qd4 Qd8 24. Bxd5 Bxb5 25. axb5 Rxb5 26. Bc4 Qxd4 27. Rxd4 Rc5 28. Rxe7 Ng8 29. Rxf7 Nh6 30. Ra7 Nf5 31. Re4 Kh6 32. Bd3 Bf6 33. Ra6 Re5 34. Rxf6 1-0


[Site "https://www.chess.com"]

[Event "Titled Tuesday Blitz February 07 Late 2023"]
[White "Dominguez Perez, Leinier"]
[Black "Borges Feria, Yasel"]
[WhiteFideId "3503240"]
[BlackFideId "3504921"]
[WhiteElo "2739"]
[BlackElo "2439"]
[Result "0-1"]
[Round "11"]
[TimeControl "180+2"]
[Date "2023.02.07"]
[WhiteClock "0:00:01"]
[BlackClock "0:00:08"]

1. d4 d5 2. Nf3 c6 3. e3 Nf6 4. Nbd2 Bg4 5. h3 Bxf3 6. Nxf3 e6 7. Bd3 Nbd7 8. O-O Bd6 9. c4 O-O 10. Qc2 Re8 11. Rd1 Qe7 12. Bd2 Rac8 13. Be1 h6 14. a3 c5 15. dxc5 Nxc5 16. Bf1 Ncd7 17. Qb3 Nc5 18. Qa2 Nce4 19. Rac1 Red8 20. b4 dxc4 21. Bxc4 Bb8 22. Bf1 Ng5 23. Nxg5 hxg5 24. Rxd8+ Rxd8 25. Qc2 Be5 26. g3 g6 27. Bg2 b6 28. Bf3 Kg7 29. Kg2 Nd5 30. Rd1 Nf6 31. Rxd8 Qxd8 32. Bd2 Qc7 33. Qxc7 Bxc7 34. Bc3 e5 35. Bc6 Ng8 36. Kf3 f5 37. Ke2 Ne7 38. Bb7 Kf7 39. Kd3 e4+ 40. Kc4 Ke6 41. Kb5 Nd5 42. Bd4 Bb8 43. Bxd5+ Kxd5 44. g4 f4 45. Bf6 f3 46. Bc3 Bg3 47. Be1 Bb8 48. a4 Bd6 49. Bc3 Bg3 50. Be1 Bd6 51. Ka6 Kc4 52. Kxa7 Kd3 53. Kxb6 Ke2 54. a5 Kxe1 55. a6 Kxf2 56. a7 Ke2 57. a8=Q f2 58. Qa2+ Kxe3 59. Qc4 Kf3 60. Kc6 Bf4 61. Kd5 e3 62. Qd3 Kg2 63. Qe2 Kg1 64. Ke4 f1=Q 0-1


[Site "https://www.chess.com"]

[Event "Titled Tuesday Blitz February 07 Late 2023"]
[White "Yoo, Christopher Woojin"]
[Black "Oganian, Miran"]
[WhiteFideId "30909694"]
[BlackFideId "4122488"]
[WhiteElo "2607"]
[BlackElo "2439"]
[Result "1-0"]
[Round "11"]
[TimeControl "180+2"]
[Date "2023.02.07"]
[WhiteClock "0:00:28"]
[BlackClock "0:00:02"]

1. d4 e6 2. e4 d5 3. Nc3 Bb4 4. exd5 exd5 5. Qf3 Ne7 6. a3 Ba5 7. Bd3 Nbc6 8. Ne2 Be6 9. b4 Bb6 10. Be3 Qd7 11. h3 O-O-O 12. O-O Bf5 13. Rad1 Bxd3 14. Rxd3 f6 15. Nf4 Kb8 16. Qg4 Qxg4 17. hxg4 g5 18. Nh5 Rhf8 19. f4 h6 20. Ng7 Rf7 21. Ne6 Rd6 22. Nc5 Bxc5 23. dxc5 Re6 24. fxg5 hxg5 25. Bf2 Ne5 26. Rh3 c6 27. Rh8+ Kc7 28. Bg3 Kd7 29. Rb8 Kc7 30. Ra8 f5 31. gxf5 Rxf5 32. Re1 Ng6 33. Ne2 Rf7 34. Nd4 Ree7 35. Nf3 Rf5 36. Rg8 Kd7 37. Nd4 Rf6 38. Ra8 Nf4 39. Rxa7 Kc8 40. Ra8+ Kd7 41. a4 g4 42. Bh4 g3 43. Bxf6 1-0


[Site "https://www.chess.com"]

[Event "Titled Tuesday Blitz February 07 Late 2023"]
[White "Rasulov, Vugar"]
[Black "Goltsev, Dmitry"]
[WhiteFideId "13402390"]
[BlackFideId "24176710"]
[WhiteElo "2523"]
[BlackElo "2269"]
[Result "1-0"]
[Round "11"]
[TimeControl "180+2"]
[Date "2023.02.07"]
[WhiteClock "0:00:12"]
[BlackClock "0:00:02"]

1. e4 e6 2. d4 d5 3. Bd3 c5 4. exd5 Qxd5 5. Nc3 Qxd4 6. Nf3 Qd8 7. Qe2 Nc6 8. Bg5 Be7 9. h4 h6 10. Bxe7 Ngxe7 11. O-O-O Qa5 12. Ne5 Nd4 13. Qg4 O-O 14. h5 b5 15. Qe4 f5 16. Qxa8 Qc7 17. Nxb5 Qxe5 18. Nxd4 cxd4 19. Qxa7 Nc6 20. Qb6 Bd7 21. Qb7 Qd6 22. g3 Rb8 23. Qa6 Qb4 24. Qa3 Qb7 25. Ba6 Qb6 26. Bc4 Ne5 27. Bb3 Ng4 28. Qe7 Rb7 29. Rd2 Kh7 30. Re1 d3 31. Rxe6 Bxe6 32. Qxe6 Qxe6 33. Bxe6 g6 34. hxg6+ Kxg6 35. cxd3 Ne5 36. d4 Nf3 37. Rd3 Ng5 38. Bd5 Rd7 39. Bg2 h5 40. d5 Ne6 41. b4 Nc7 42. Kc2 f4 43. a4 Kg5 44. a5 Na6 45. Kc3 Rb7 46. Rd4 Rc7+ 47. Rc4 fxg3 48. fxg3 Re7 49. b5 Nc7 50. b6 Nb5+ 51. Kb4 Nd6 52. Rc6 Nf5 53. a6 Re1 54. b7 Rb1+ 55. Ka5 Nd4 56. d6 Kg4 57. Rc4 Kxg3 58. Rxd4 h4 59. Rb4 1-0


[Site "https://www.chess.com"]

[Event "Titled Tuesday Blitz February 07 Late 2023"]
[White "EREBUNI91"]
[Black "Ibarra Jerez, Jose Carlos"]
[BlackFideId "2226332"]
[WhiteElo "2759"]
[BlackElo "2563"]
[Result "0-1"]
[Round "11"]
[TimeControl "180+2"]
[Date "2023.02.07"]
[WhiteClock "0:00:14"]
[BlackClock "0:00:21"]

1. e4 c5 2. Nc3 a6 3. g3 b5 4. Bg2 Bb7 5. Nge2 e6 6. d4 cxd4 7. Nxd4 Ne7 8. O-O Nec6 9. Nb3 d6 10. Re1 Be7 11. a4 b4 12. Na2 O-O 13. Bd2 a5 14. c3 Na6 15. cxb4 axb4 16. Nac1 Nc5 17. a5 Bf6 18. Nxc5 dxc5 19. e5 Be7 20. a6 Qc7 21. Qf3 Nd8 22. axb7 Rxa1 23. Nb3 Ra7 24. Qg4 Kh8 25. Be4 Nxb7 26. Qh3 g6 27. Bb1 Na5 28. Nc1 Nc4 29. Bf4 Nxb2 30. Ne2 c4 31. Nd4 Ra1 32. Nc2 Nd3 33. Rf1 Ra5 34. Ne3 Nxe5 35. Ng4 Nf3+ 36. Kh1 Qc6 37. Qg2 f5 38. Ne5 Rxe5 39. Bxe5+ Nxe5 40. Re1 Qxg2+ 41. Kxg2 Bf6 42. f4 Nd3 43. Rxe6 Nc5 44. Rc6 Bd4 0-1


[Site "https://www.chess.com"]